 Dungeon Crawl Stone Soup version 0.32-a0-705-g60f233581c (webtiles) character file.

Game seed: 8785839787105303064

663 Ruich the Chopper (level 7, 0/59 HPs)
             Began as a Demigod Fighter on Mar 15, 2024.
             Succumbed to Eustachio's poison
             ... on level 4 of the Dungeon.
             The game lasted 00:05:44 (2971 turns).

Ruich the Chopper (Demigod Fighter)                 Turns: 2971, Time: 00:05:44

Health: 0/59       AC:  9    Str: 29    XL:     7   Next: 9%
Magic:  9/9        EV:  7    Int: 15    God:
Gold:   224        SH:  4    Dex: 12    Spells: 6/6 levels left

rFire   . . .        a - +0 war axe
rCold   . . .        c - +0 buckler
rNeg    . . .        h - +0 chain mail
rPois   .            (helmet restricted)
rElec   .            o - scarf {repulsion}
rCorr   .            (no gloves)
SInv    .            (no boots)
Will    +....        (no amulet) Stlth
                     l - +6 ring of intelligence
HPRegen 0.29/turn    (no ring)
MPRegen 0.11/turn

%: repel missiles
@: mighty, lethally poisoned (0 -> -6), enlightened, flying, hasted, very quick
A: high MP 1, forlorn, divine attributes, horns 2, strong 1
a: no special abilities


You were on level 4 of the Dungeon.
You visited 1 branch of the dungeon, and saw 4 of its levels.

You collected 224 gold pieces.


Innate Abilities, Weirdness & Mutations

You have an increased reservoir of magic. (+10% MP)
You shall have no god before yourself.
Your divine heritage dramatically boosts your attributes as you level up.
You have a pair of horns on your head.
Your muscles are strong. (Str +4, Int/Dex -1)


   Skills:
 + Level 4.1 Fighting
 * Level 5.0 Axes
 + Level 4.2 Armour
 + Level 4.1 Shields


You had 6 spell levels left.
You didn't know any spells.
Your spell library contained the following spells:

 Spells                   Type           Power      Damage    Failure   Level
 Frozen Ramparts          Ice            0%         1d1       98%         3
 Ozocubu's Armour         Ice            0%         N/A       98%         3
 Metabolic Englaciation   Hex/Ice        0%         N/A       100%        5

Inventory:

Hand Weapons
 a - a +0 war axe (weapon)
Missiles
 g - 14 poisoned darts (quivered)
 q - 4 javelins
Armour
 b - a +2 helmet
 c - a +0 buckler (worn)
 h - a +0 chain mail (worn)
 o - a scarf of repulsion (worn)
Jewellery
 l - a +6 ring of intelligence (left hand)
 t - an amulet of guardian spirit
Wands
 u - a wand of flame (16)
Scrolls
 e - a scroll of fog {unknown}
 m - a scroll of amnesia {unknown}
 n - a scroll of identify {@r1}
 p - a scroll of fear {unknown}
 r - a scroll of revelation {unknown}
 s - a scroll of summoning {unknown}
 v - a scroll of enchant armour {unknown}
Potions
 i - a potion of attraction
 j - 2 potions of enlightenment

Dungeon Overview and Level Annotations

Branches:
Dungeon (4/15) Zot: 20920  Temple (0/1) D:4

Shops:
D:1

: #.... #....
#.... # #.... .#
##... ##+## #.#
##... ##.ß.##..#
#.... ##...##...#
#...) ##..@##....#
#....
##..)##.....#
#....
+.ß.''...5..#
###+#
##...##.....#
##ß.ß ##...##....#
##.... ##.. ##...#
##ß.... ##.ß ##..#
##......
##+####.###ß......
........).'.....).


There were no monsters in sight!


Message History

You feel very sick.
Eustachio hits you with a +2 rapier of venom!
* * * LOW HITPOINT WARNING * * *
You are lethally poisoned!
You slash Eustachio!
You kill Eustachio!
* * * LOW HITPOINT WARNING * * *
You feel very sick.
You feel your dexterity returning.
Your Fighting skill increases to level 4!
Your Axes skill increases to level 5!
You have reached level 7!
It was a potion of haste.
You feel yourself speed up.
* * * LOW HITPOINT WARNING * * *
You feel very sick.
Unknown command.
It was a potion of enlightenment.
You feel very buoyant.
You fly up into the air.
* * * LOW HITPOINT WARNING * * *
You feel sick.
Unknown command.
It was a potion of mutation.
You feel extremely strange. A pair of horns grows on your head!
Your +2 helmet falls away!
The horns on your head grow some more.
You feel stronger.
* * * LOW HITPOINT WARNING * * *
You feel sick.
Unknown command.
You die...

Skill      XL: |  1  2  3  4  5  6 |
---------------+-------------------+-----
Axes           | 2 3 4 5 |  5.0
Armour         | 3 4 |  4.2
Fighting       | 3 4 |  4.1
Shields        | 3 4 |  4.1

Action                     |  1- 3 |  4- 6 |  7- 9 || total
---------------------------+-------+-------+-------++-------
  Melee: War axe           |    94 |   209 |       ||   303
    Use: Potion            |     1 |     2 |     3 ||     6
         Scroll            |       |     6 |       ||     6
 Armour: Chain mail        |    85 |   194 |       ||   279
  Dodge: Dodged            |    36 |    78 |       ||   114
         Repelled          |       |     6 |       ||     6
  Block: Buckler           |    24 |    53 |       ||    77

Levels and vault maps discovered:
D:1:      evilmike_arrival_hilbert_curve, layout_rooms, serial_shops, shop
D:2:      layout_basic, basic_altar, minmay_misc_feat_four_crosses,
          uniq_crazy_yiuf_cottage, uniq_robin
D:3:      layout_basic, shapermc_ecumenical_altar_mp_ritualfount, uniq_jessica
D:4:      layout_gridville, nicolae_overflow_hallway_of_the_gods,
          nicolae_uskayaw_dance_hall, minmay_temple_entry_large_hall,
          minivault_1, dk_noncrumbling_4, chequers_jeans, grunt_decor_arrowhead,
          uniq_eustachio

Notes
Turn   | Place    | Note
-------+----------+-------------------------------------------
     0 | D:1      | Ruich the Demigod Fighter began the quest for the Orb.
     0 | D:1      | Reached XP level 1. HP: 18/18 MP: 3/3
    86 | D:1      | Reached skill level 2 in Axes
   124 | D:1      | Reached XP level 2. HP: 23/25 MP: 4/4
   321 | D:1      | Found Zikir's Book Emporium.
   509 | D:2      | Noticed Robin
   517 | D:2      | Reached skill level 3 in Armour
   520 | D:2      | Reached skill level 3 in Fighting
   520 | D:2      | Reached skill level 3 in Shields
   520 | D:2      | Reached XP level 3. HP: 17/31 MP: 5/5
   521 | D:2      | Killed Robin
   969 | D:2      | Reached XP level 4. HP: 38/38 MP: 6/6
  1092 | D:2      | Reached skill level 3 in Axes
  1870 | D:3      | Noticed Jessica
  1874 | D:3      | Killed Jessica
  1875 | D:3      | Reached XP level 5. HP: 45/45 MP: 7/7
  2044 | D:3      | Identified the +3 leather armour "Wewiril" {Harm Str+3}
  2607 | D:4      | Noticed an ogre
  2626 | D:4      | Killed an ogre
  2627 | D:4      | Reached skill level 4 in Axes
  2627 | D:4      | Reached XP level 6. HP: 52/52 MP: 8/8
  2729 | D:4      | Found a staircase to the Ecumenical Temple.
  2818 | D:4      | Reached skill level 4 in Armour
  2865 | D:4      | Reached skill level 4 in Shields
  2943 | D:4      | Noticed Eustachio
  2967 | D:4      | Killed Eustachio
  2967 | D:4      | HP: 5/52 [poisoned by Eustachio]
  2968 | D:4      | Reached skill level 4 in Fighting
  2968 | D:4      | Reached skill level 5 in Axes
  2968 | D:4      | Reached XP level 7. HP: 6/59 MP: 9/9
  2969 | D:4      | HP: 2/59 [poisoned by Eustachio]
  2970 | D:4      | Gained mutation: You have a pair of small horns on your
                  | head. [potion of mutation]
  2970 | D:4      | Gained mutation: You have a pair of horns on your head.
                  | [potion of mutation]
  2970 | D:4      | Gained mutation: Your muscles are strong. (Str +4, Int/Dex
                  | -1) [potion of mutation]
  2971 | D:4      | Succumbed to Eustachio's poison

Vanquished Creatures
  Eustachio (D:4)
  An ogre (D:4)
  3 hounds
  2 orc priests
  Jessica (D:3)
  4 orc wizards
  Robin (D:2)
  4 adders
  5 dart slugs
  24 orcs
  5 bats
  9 endoplasms
  5 giant cockroaches
  7 hobgoblins
  12 kobolds
  4 quokkas
  3 ball pythons
  3 frilled lizards
  10 goblins
  7 rats
111 creatures vanquished.

Table legend: (Time is in decaauts)
 A = Elapsed time spent in this place.
 B = Non-inter-level travel time spent in this place.
 C = Inter-level travel time spent in this place.
 D = Time resting spent in this place.
 E = Time spent auto-exploring this place.
 F = Levels seen in this place.
 G = Mean time per level.
                   A        B        C        D        E       F      G
               +--------+--------+--------+--------+--------+-----+--------+
         Total |   3079 |   3035 |     44 |    411 |   1854 |   4 |  769.8 |
       Dungeon |   3079 |   3035 |     44 |    411 |   1854 |   4 |  769.8 |
               +--------+--------+--------+--------+--------+-----+--------+

Top non-repeatable levels by time:
     D:2: 1191 daAuts
     D:3: 780 daAuts
     D:4: 584 daAuts
     D:1: 523 daAuts

Table legend:
 A = Non-vault XP
 B = Vault XP
 C = Vault XP percentage of total XP
 D = Non-vault monster count
 E = Vault monster count
 F = Vault count percentage of total count
                 A         B        C        D         E       F
            +---------+---------+-------+---------+---------+-------
      Total |     679 |     269 |  28.4 |      97 |      14 |  12.6
            +---------+---------+-------+---------+---------+-------
        D:1 |      32 |       0 |   0.0 |      17 |       0 |   0.0
        D:2 |     114 |      35 |  23.5 |      26 |      12 |  31.6
        D:3 |     111 |      37 |  25.0 |      18 |       1 |   5.3
        D:4 |     422 |     197 |  31.8 |      36 |       1 |   2.7
            +---------+---------+-------+---------+---------+-------
